[Event "Early-Titled-Tuesday-Blitz-October-10-2023"]
[Site "Chess.com"]
[Date "2023.10.10"]
[Round "4"]
[White "artin10862"]
[Black "HajiyevKanan"]
[Result "0-1"]
[WhiteElo "2804"]
[BlackElo "2590"]
[TimeControl "180+1"]
[EndTime "8:38:52 PDT"]
[Termination "HajiyevKanan won on time"]

1. c4 c6 2. Nf3 d5 3. e3 Nf6 4. h3 g6 5. b3 Bg7 6. Bb2 O-O 7. Be2 a5 8. O-O Bf5 9. Nc3 Ne4 10. Na4 Bxb2 11.
Nxb2 Na6 12. Na4 Nac5 13. Nxc5 Nxc5 14. d4 Ne4 15. Nd2 Nc3 16. Qe1 Nxe2+ 17. Qxe2 Re8 18. Nf3 Be4 19. Nd2 Bf5 20. cxd5 cxd5 21. Rac1 a4 22. Qb5 axb3 23. axb3 Qa5 24. Qxb7 Qxd2 25. Qxd5 Be6 26.
Qe5 Bxb3 27. Rc7 Be6 28. e4 Rac8 29. Rfc1 Rxc7 30. Rxc7 Qe1+ 31. Kh2 Qxf2 32. d5 Qf6 33. Qxf6 exf6 34. dxe6 Rxe6 35. Rc4 h5 36. Kg3 Kg7 37. h4 Kf8 38. Kf3 Rd6 39. Rc8+ Ke7 40. Rc7+ Ke6 41. g3 Rd3+ 42. Kf4 Rd4 43. Rc6+ Rd6 44. Rc7 Ra6 45. Rb7 Ra4 46. Rb6+ Ke7 47. Rb7+ Kf8 48. Rb6 f5 49. Rb7 Rxe4+ 50. Kg5 Re7 51.
Rb6 Kg7 52. Kf4 Re1 53. Kf3 Rf1+ 54. Ke3 Rc1 55. Kf4 Rc4+ 56. Kf3 Rc7 57. Kf4 Re7 58.
Kf3 Re6 59. Kf4 Rxb6 0-1

[Event "Early-Titled-Tuesday-Blitz-October-10-2023"]
[Site "Chess.com"]
[Date "2023.10.10"]
[Round "4"]
[White "GMBenjaminBok"]
[Black "Itk04"]
[Result "1-0"]
[WhiteElo "3019"]
[BlackElo "2758"]
[TimeControl "180+1"]
[EndTime "8:38:54 PDT"]
[Termination "GMBenjaminBok won on time"]

1. d4 Nf6 2. c4 g6 3. g3 Bg7 4.
Bg2 d5 5. Nf3 O-O 6. O-O c6 7.
b3 Bf5 8. Bb2 a5 9. Nc3 Ne4 10. e3 Nxc3 11. Bxc3 Be4 12. Qe2 Nd7 13. Rfc1 e6 14. Bf1 Qe7 15. Nd2 g5 16. Nxe4 dxe4 17.
Rab1 c5 18. a3 Rfd8 19. b4 axb4 20. axb4 cxd4 21. exd4 f5 22. f3 exf3 23. Qxf3 Ra3 24. Qf2 Nf6 25. Qb2 Rda8 26. Bg2 Ra2 27. Ra1 Rxa1 28. Rxa1 Rxa1+ 29. Qxa1 Ne4 30. Bxe4 fxe4 31. Qe1 Qc7 32. Qe2 b5 33. c5 Qc6 34. Kf2 h6 35.
Ke3 Qd5 36. Qxb5 Qb3 37. Kd2 e3+ 38. Kd3 e2 39. Qc4 Qd1+ 40. Ke3 e1=Q+ 41. Bxe1 Qxe1+ 42. Kd3 Qf1+ 43. Kc3 Qc1+ 44. Kb3 Qd1+ 45. Kc3 Qc1+ 46.
Kb3 Qb1+ 47. Ka4 Qa1+ 48. Kb5 Qxd4 49. Qxe6+ Kh8 50. c6 Qd3+ 51. Kb6 Bd4+ 52. Kc7 Qh7+ 53. Qd7 Be5+ 54. Kb7 Qe4 55. b5 Qe2 56. b6 Qe4 57. Qc8+ 1-0

[Event "Early-Titled-Tuesday-Blitz-October-10-2023"]
[Site "Chess.com"]
[Date "2023.10.10"]
[Round "4"]
[White "Likvidator228"]
[Black "sofaceindisguise"]
[Result "1-0"]
[WhiteElo "2582"]
[BlackElo "2791"]
[TimeControl "180+1"]
[EndTime "8:38:54 PDT"]
[Termination "Likvidator228 won on time"]

1. d4 Nf6 2. Nf3 e6 3. Bf4 c5 4. e3 b6 5. Nbd2 Bb7 6. c3 Be7 7. h3 O-O 8. a4 a6 9. Bd3 d6 10. Qe2 cxd4 11. exd4 Nbd7 12. O-O Qc7 13. Rfe1 Rfe8 14.
Ne4 Nxe4 15. Bxe4 Bxe4 16. Qxe4 Nf6 17. Qe2 Qb7 18. Nd2 b5 19. axb5 axb5 20. Qd3 Bf8 21. Qf3 d5 22. Bg5 Nd7 23. b4 Rxa1 24. Rxa1 f6 25. Be3 e5 26. Nb3 e4 27. Qg4 Qc6 28.
Ra7 Re7 29. Nc5 Nxc5 30. Rxe7 Bxe7 31. bxc5 g6 32. Qd1 Kf7 33. Qa1 Qb7 34. Qa5 Ke6 35.
Kf1 Kd7 36. Ke2 Bd8 37. Qa2 Bc7 38. Qb3 h5 39. g4 hxg4 40. hxg4 f5 41. gxf5 gxf5 42.
Bg5 f4 43. Kd2 Kc6 44. Qa2 Qc8 45. Kc2 e3 46. Kb3 exf2 47. Qxf2 Qf5 48. Bh4 f3 49. Qe3 Qb1+ 50. Ka3 Qa1+ 51. Kb3 Qd1+ 52. Ka3 Qe2 53. Qxe2 fxe2 54. Kb2 Bf4 55. Kc2 Kd7 56. Be1 Kc6 57. Kd3 1-0

[Event "Early-Titled-Tuesday-Blitz-October-10-2023"]
[Site "Chess.com"]
[Date "2023.10.10"]
[Round "4"]
[White "RianKapriaga"]
[Black "FischerKasparow"]
[Result "1-0"]
[WhiteElo "2301"]
[BlackElo "2121"]
[TimeControl "180+1"]
[EndTime "8:38:55 PDT"]
[Termination "RianKapriaga won by checkmate"]

1. d4 c5 2. d5 Nf6 3. Nc3 g6 4. e4 d6 5. Nf3 Bg7 6. Be2 O-O 7. O-O Na6 8. Nd2 Nc7 9. a4 b6 10.
Bc4 Bb7 11. Qe2 a6 12. h3 Qd7 13. Nf3 Rfe8 14. Rd1 Rab8 15. Bf4 Qc8 16. e5 dxe5 17. Bxe5 Nd7 18. Bxg7 Kxg7 19. Ne5 Nf6 20. Nxf7 Kxf7 21.
d6+ Kg7 22. dxc7 Qxc7 23. Qe6 Qc6 24. Qf7+ Kh6 25. f3 Nh5 26. Ne4 Nf6 27. Nf2 Qc7 28.
Ng4+ Nxg4 29. hxg4 Qe5 30. c3 Qf6 31. Rd7 Bc6 32. Rd2 b5 33. axb5 axb5 34. Bd5 Qxf7 35. Bxf7 Red8 36. Rad1 Rxd2 37. Rxd2 Rb7 38. b4 cxb4 39.
cxb4 Kg7 40. Bb3 Kf6 41. Kf2 Ra7 42. Ra2 Ra3 43. Rxa3 e5 44. Ra6 Kg5 45. Rxc6 h5 46. Rc5 hxg4 47. Rxe5+ Kf4 48. Re4+ Kf5 49. Rxg4 g5 50.
Re4 Kf6 51. Re6+ Kf5 52. Rb6 Ke5 53. Rxb5+ Kd4 54. Rxg5 Kc3 55. Re5 Kxb4 56. Bd5 Kc5 57. f4 Kd6 58. g4 Kd7 59. g5 Kd6 60. g6 Kc5 61. g7 Kd4 62. g8=Q Kc3 63. Qc8+ Kb4 64.
Qc4+ Ka5 65. Be4+ Kb6 66. Re6+ Ka7 67. Qc7# 1-0

[Event "Early-Titled-Tuesday-Blitz-October-10-2023"]
[Site "Chess.com"]
[Date "2023.10.10"]
[Round "4"]
[White "Alonmindlin"]
[Black "secretsuperstar7"]
[Result "1-0"]
[WhiteElo "2701"]
[BlackElo "2411"]
[TimeControl "180+1"]
[EndTime "8:38:57 PDT"]
[Termination "Alonmindlin won on time"]

1. e4 c5 2. c3 e5 3. Nf3 Nc6 4. Bc4 d6 5. d4 cxd4 6. cxd4 exd4 7. Nxd4 Nf6 8. Nc3 Be7 9. O-O O-O 10. Bf4 a6 11. Nxc6 bxc6 12. Qe2 Be6 13. Bxe6 fxe6 14. e5 Nd5 15. Nxd5 cxd5 16. exd6 Bf6 17. Qxe6+ Kh8 18.
Qxd5 Bxb2 19. Rab1 Rb8 20. Be5 Rb5 21. Qxb5 axb5 22. Rxb2 Rf5 23. Rxb5 h5 24. f4 Qd7 25. a4 Kh7 26. Rfb1 Qa7+ 27. Kh1 Qxa4 28. Rb7 Qc2 29. h3 Kh6 30. Bxg7+ Kg6 31. Be5 Rf8 32. d7 Rd8 33. Kh2 h4 34. R1b6+ Kf5 35. Bf6 Rg8 36.
Bg5 Rxg5 37. fxg5 Qd2 38. Rf6+ Kxg5 39. Rf1 Qd6+ 40. Kh1 Qd3 41. Rfb1 Kf4 42. R7b4+ Ke5 43. Re1+ Kf6 44. Rf4+ Kg5 45. Rf7 Qd2 46. Re8 Qd1+ 47. Kh2 Qd6+ 48. Kg1 Qd1+ 49. Kf2 Qd2+ 50. Kf3 Qd3+ 51.
Re3 Qd5+ 52. Ke2 Qc4+ 53. Kd2 Qb4+ 54. Rc3 Qd4+ 55. Rd3 Qb2+ 56. Ke3 Qe5+ 57. Kf2 Qc5+ 58. Kf1 Qc1+ 59. Ke2 Qc2+ 60. Ke3 Qc5+ 61. Rd4 Qc1+ 62. Ke4 Qc6+ 63. Rd5+ Kg6 64. d8=Q 1-0

[Event "Early-Titled-Tuesday-Blitz-October-10-2023"]
[Site "Chess.com"]
[Date "2023.10.10"]
[Round "4"]
[White "Amirreza_p"]
[Black "GMKrikor"]
[Result "1/2-1/2"]
[WhiteElo "2596"]
[BlackElo "2847"]
[TimeControl "180+1"]
[EndTime "8:38:58 PDT"]
[Termination "Game drawn by repetition"]

1. d4 Nf6 2. Bf4 c5 3. e3 g6 4. c3 Bg7 5. Nd2 cxd4 6. exd4 O-O 7. Ngf3 d6 8. Be2 Nc6 9. O-O Nh5 10. Bg5 h6 11.
Bh4 g5 12. Bg3 e5 13. dxe5 Nxg3 14. hxg3 dxe5 15. Nc4 Qe7 16. Qd6 Re8 17. Rfe1 e4 18. Qxe7 Rxe7 19. Nfd2 f5 20. Nd6 Be6 21. Bc4 Rf8 22.
Bxe6+ Rxe6 23. Nxb7 Ne5 24. Nc5 Rc6 25. Ndb3 Rfc8 26.
Nb7 Nd3 27. Re2 Nxb2 28. Rxb2 Bxc3 29. Rbb1 Bxa1 30. Rxa1 R8c7 31. N7a5 Rd6 32. Re1 g4 33. Nc1 Rc2 34. Nab3 h5 35. Ne2 Rxa2 36. Nbd4 Rd5 37. Rb1 Rd2 38. Rb4 a5 39. Ra4 Kf7 40. Kh2 Ke8 41.
Rc4 Kd7 42. Ra4 Kc8 43. Ra3 R2xd4 44. Nxd4 Rxd4 45. Rxa5 Kd7 46. Rxf5 Rd2 47. Rf4 Kd6 48. Kg1 Kd5 49. Kf1 Rd1+ 50. Ke2 Rg1 51. Rf5+ Kd4 52. Rxh5 Ra1 53. Rg5 Ra2+ 54. Ke1 Ra1+ 55. Ke2 Ra2+ 56. Ke1 Rb2 57. Rf5 Rb1+ 58. Ke2 Rb2+ 59.
Ke1 Rb1+ 60. Ke2 Rb2+ 61. Ke1 1/2-1/2

[Event "Early-Titled-Tuesday-Blitz-October-10-2023"]
[Site "Chess.com"]
[Date "2023.10.10"]
[Round "4"]
[White "whiteglovethief"]
[Black "ozates"]
[Result "0-1"]
[WhiteElo "2550"]
[BlackElo "2766"]
[TimeControl "180+1"]
[EndTime "8:39:00 PDT"]
[Termination "ozates won on time"]

1. d4 Nf6 2. c4 e6 3. Nf3 d5 4. g3 dxc4 5. Bg2 Bd7 6. O-O Bc6 7.
a4 a6 8. Bg5 b5 9. axb5 axb5 10. Rxa8 Bxa8 11. Nc3 b4 12. Qa4+ Bc6 13. Nb5 Nbd7 14. Ne5 Bxg2 15. Kxg2 Bd6 16. Nxd6+ cxd6 17. Nxc4 O-O 18. Qxb4 Qa8+ 19. f3 Qa6 20. Nxd6 Qxe2+ 21.
Rf2 Qd1 22. Bxf6 Nxf6 23. Ne4 Nd5 24. Qd2 Qb3 25. Nc3 Nf6 26. Qd1 Qb7 27. Rd2 Rd8 28.
Qe2 h6 29. h3 Nh5 30. Kh2 Qc7 31. f4 Nf6 32. Qe5 Qb7 33. f5 exf5 34. Qxf5 Ra8 35. d5 Ra1 36. Qf3 Qd7 37. Qg2 Ra6 38. Ne4 Nxe4 39.
Qxe4 Rf6 40. Re2 Rd6 41. Qe8+ Qxe8 42. Rxe8+ Kh7 43. Re7 Kg6 44. Re2 Rxd5 45. Rc2 Rb5 46. Kg2 Rb3 47. Kf2 f5 48. h4 Kh5 49. Kg2 g5 50.
hxg5 hxg5 51. Kf2 Kg4 52. Rc4+ Kh3 53. Rc2 Rxg3 54. Kf1 Rf3+ 55. Kg1 g4 56. Rh2+ Kg3 57.
Rg2+ Kh4 58. Rf2 Kg3 59. Rxf3+ Kxf3 60. b4 Ke2 61. b5 f4 0-1

[Event "Early-Titled-Tuesday-Blitz-October-10-2023"]
[Site "Chess.com"]
[Date "2023.10.10"]
[Round "4"]
[White "rasmussvane"]
[Black "Maksimus1998"]
[Result "1/2-1/2"]
[WhiteElo "2999"]
[BlackElo "2618"]
[TimeControl "180+1"]
[EndTime "8:39:03 PDT"]
[Termination "Game drawn - insufficient material"]

1. Nf3 Nf6 2. g3 b6 3. Bg2 Bb7 4. O-O e6 5. d4 c5 6. c4 cxd4 7.
Qxd4 d6 8. Nc3 a6 9. Bg5 Nbd7 10. Qd2 Be7 11. Bf4 Nc5 12. Rfd1 Nce4 13. Nxe4 Nxe4 14. Qd3 O-O 15. Rac1 Qc7 16. b4 Rfd8 17. a3 Rac8 18. h4 h6 19. Be3 Ba8 20. Qd4 Rb8 21. Ne1 Qb7 22. Bf3 b5 23. Nd3 Bf6 24. Qa7 bxc4 25. Rxc4 d5 26. Rc7 Qxa7 27. Bxa7 Rbc8 28. Rdc1 Nc3 29.
Rxc8 Rxc8 30. Nc5 Nb5 31. Bb6 Nxa3 32. Rd1 Nc4 33. Ba7 a5 34. bxa5 Nxa5 35. Nd7 Nc4 36. Nxf6+ gxf6 37. Bd4 Kg7 38. Rc1 Bb7 39. g4 Ne5 40.
Rxc8 Bxc8 41. g5 Nxf3+ 42. exf3 hxg5 43. hxg5 e5 44. gxf6+ Kxf6 45. Bb2 Kf5 46. Kg2 d4 47. Kg3 f6 48. Bc1 Ke6 49. Kg2 Bb7 50. Kg3 Kd5 51. Ba3 f5 52. Kg2 Bc6 53. Kf1 Ba4 54. Ke2 Bc2 55. Bb2 Kc4 56. Kd2 Ba4 57. Ba3 Bc6 58. Bd6 Kd5 59. Bc7 Ke6 60. Ke2 Bb5+ 61. Kd2 e4 62. fxe4 fxe4 63. Bf4 Kf5 64. Bh6 Kg4 65. Bg7 e3+ 66. fxe3 dxe3+ 67. Kxe3 1/2-1/2

[Event "Early-Titled-Tuesday-Blitz-October-10-2023"]
[Site "Chess.com"]
[Date "2023.10.10"]
[Round "4"]
[White "Mikhail_Bryakin"]
[Black "GradualismUnleashed"]
[Result "1/2-1/2"]
[WhiteElo "2794"]
[BlackElo "2573"]
[TimeControl "180+1"]
[EndTime "8:39:03 PDT"]
[Termination "Game drawn by agreement"]

1. Nf3 Nf6 2. b3 b6 3. Bb2 Bb7 4. g3 g6 5. Bg2 Bg7 6. O-O O-O 7. c4 c5 8. d4 d5 9. dxc5 dxc4 10. cxb6 axb6 11. Qxd8 Rxd8 12. bxc4 Nc6 13. Nbd2 Nb4 14. Rfe1 Nc2 15. Rec1 Nxa1 16. Rxa1 Ne4 17. Bxg7 Nxd2 18.
Be5 Nxf3+ 19. Bxf3 Bxf3 20. exf3 Rd2 21. a4 Rc2 22. Rb1 Rxc4 23. Rxb6 Rcxa4 24. Bf4 f6 25. Be3 Kf7 26. Rb7 Rc4 27. Kg2 Rac8 28. h4 R8c7 29.
Rb8 h5 30. Ra8 Rc2 31. Rb8 Ra2 32. Rd8 e5 33. Rb8 Ra6 34. Rh8 Ke6 35. Re8+ Re7 36. Rg8 Kf7 37. Rh8 f5 38. Rh7+ Ke6 39. Rh6 Rg7 40. Rh8 Rc6 41. Bh6 Rf7 42. Rg8 Kd7 43.
Ra8 Kd6 44. Rg8 Kd5 45. Rd8+ Rd6 46. Re8 e4 47. Bf4 Re6 48. Rd8+ Kc6 49. Rc8+ Kd7 50. Rc7+ Ke8 51. Rc8+ Ke7 52. Rc7+ Kf6 53. Bg5+ Kg7 54. Bh6+ Kg8 55. Rc8+ Kh7 56. Be3 exf3+ 57. Kxf3 Ree7 58. Bd4 Kh6 59. Be3+ Kh7 60. Bd4 Rg7 61. Bxg7 Kxg7 62.
Kf4 Re4+ 63. Kf3 Re7 64. Rc6 Kf7 65. Rd6 Kg7 66. Rd4 Kf7 67. Kf4 Re2 68. f3 Rg2 69. Rd6 Kg7 70. Ra6 Kf7 71. Ra3 Rg1 72.
Ra2 Kf6 73. Rd2 Ke6 74. Rc2 Kf6 75. Rc6+ Kf7 76. Rc3 Kf6 77. Rb3 Kf7 78. Ke5 Rxg3 79. Rb7+ Ke8 80. f4 Rg4 81. Rb6 Kf7 82. Rb7+ Ke8 83. Ke6 Kd8 84. Kd6 Kc8 85. Rc7+ Kb8 86. Rg7 Rxh4 87. Rxg6 Rxf4 88. Ke5 Rf1 89. Rh6 Kc7 90.
Rxh5 f4 91. Ke4 f3 92. Ke3 f2 93. Ke2 Rb1 94. Kxf2 Rb2+ 95. Ke3 Rb6 96. Kd4 Rd6+ 97. Kc5 Rc6+ 98. Kd5 Rd6+ 99. Ke5 Rd7 100. Rh6 Re7+ 1/2-1/2

[Event "Early-Titled-Tuesday-Blitz-October-10-2023"]
[Site "Chess.com"]
[Date "2023.10.10"]
[Round "4"]
[White "MidnightFox"]
[Black "farzadbfd"]
[Result "0-1"]
[WhiteElo "2495"]
[BlackElo "2705"]
[TimeControl "180+1"]
[EndTime "8:39:05 PDT"]
[Termination "farzadbfd won by checkmate"]

1. d4 Nf6 2. c4 e6 3. g3 d5 4. Bg2 Bb4+ 5. Nd2 c6 6. Qc2 O-O 7. Nf3 Ne4 8. O-O f5 9. b3 Nd7 10. Bb2 g5 11. Nxe4 fxe4 12. Ne5 Nxe5 13. dxe5 Qb6 14. e3 Bd7 15. Rac1 Be8 16. Qe2 h5 17.
Bd4 Qd8 18. cxd5 cxd5 19. Bc5 Bxc5 20. Rxc5 Qb8 21. Qb2 Rf5 22. f4 exf3 23. Rxf3 Qxe5 24. Qxe5 Rxe5 25. Rc7 g4 26. Rf6 Rxe3 27. Rxb7 Rc8 28. Rxa7 Rc1+ 29. Kf2 Re5 30. Ra8 Kg7 31. Rf4 Rc2+ 32. Kg1 Re1+ 33. Rf1 Rxf1+ 34. Bxf1 Bg6 35. b4 d4 36. a4 Rb2 37. b5 d3 38. Rd8 Rb3 39. Kf2 e5 40. Ke3 e4 41. Bg2 Rb4 42.
Rd7+ Kf6 43. Rd6+ Kf7 44. b6 Rxa4 45. Rd7+ Ke6 46. Rc7 Rb4 47. b7 Bf5 48. Rc6+ Kd5 49. Rf6 Ke5 50. Rf8 Rxb7 51. Rxf5+ Ke6 52. Bxe4 Rb3 53. Bb7 d2+ 54. Kxd2 Kxf5 55. Bd5 Rb2+ 56. Ke3 Rxh2 57. Bc4 Rb2 58. Bd3+ Ke5 59. Be2 Rb3+ 60.
Bd3 Ra3 61. Kd2 Kd4 62. Ke2 Rxd3 63. Kf2 Rf3+ 64. Kg2 Ke3 65. Kh2 Kf2 66. Kh1 Rxg3 67.
Kh2 Rh3# 0-1

[Event "Early-Titled-Tuesday-Blitz-October-10-2023"]
[Site "Chess.com"]
[Date "2023.10.10"]
[Round "4"]
[White "RETURNOFTHELAGGER"]
[Black "Herzog2012"]
[Result "1-0"]
[WhiteElo "2671"]
[BlackElo "2493"]
[TimeControl "180+1"]
[EndTime "8:39:06 PDT"]
[Termination "RETURNOFTHELAGGER won by resignation"]

1. e4 c5 2. b3 g6 3. Bb2 Nf6 4. Nc3 Nc6 5. Nd5 Bg7 6. Nxf6+ exf6 7. Bc4 O-O 8. Ne2 Re8 9. d3 d6 10. O-O Be6 11. Bb5 a6 12. Bxc6 bxc6 13. Nf4 f5 14.
Bxg7 Kxg7 15. Qf3 Qf6 16. Nxe6+ fxe6 17. exf5 d5 18. fxg6 Qxf3 19. gxf3 hxg6 20. Rfe1 Kf6 21.
Re3 a5 22. Rae1 a4 23. f4 axb3 24. axb3 Ra2 25. R1e2 Ra1+ 26. Kg2 Rc1 27. Re5 Re7 28. h4 Re8 29. h5 gxh5 30. Rxh5 Rg8+ 31. Kf3 Rg6 32. Rh7 Ra1 33. Rc7 Rh1 34. Ke3 Rh3+ 35. Kd2 Rf3 36. Rxc6 Kf5 37. Re5+ Kxf4 38. Rexe6 Rxe6 39.
Rxe6 Rxf2+ 40. Kc1 c4 41. bxc4 dxc4 42. Re4+ Kf5 43.
Rxc4 Ke5 44. Re4+ Kd5 45. Kb2 Rf1 46. Kc3 Rc1 47. Rd4+ Kc5 48. Rg4 Ra1 49. d4+ Kd5 50.
Kd3 Ra3+ 51. c3 Ra1 52. Rg5+ Kc6 53. Rc5+ Kd6 54. Rh5 Rd1+ 55. Kc4 Rc1 56. d5 Rd1 57.
Rh6+ Kd7 58. Kc5 Rc1 59. c4 Kc7 60. d6+ Kd8 61. Kd5 Rd1+ 62. Kc6 1-0

[Event "Early-Titled-Tuesday-Blitz-October-10-2023"]
[Site "Chess.com"]
[Date "2023.10.10"]
[Round "4"]
[White "DeArron_Fox"]
[Black "TomLiu777"]
[Result "1-0"]
[WhiteElo "2521"]
[BlackElo "2354"]
[TimeControl "180+1"]
[EndTime "8:39:06 PDT"]
[Termination "DeArron_Fox won on time"]

1. d4 Nf6 2. c4 c5 3. d5 e5 4. Nc3 d6 5. Nf3 g6 6. e4 Bg7 7. Be2 O-O 8. O-O Kh8 9. Ne1 Ng8 10. f3 f5 11. Be3 Nd7 12. Nd3 f4 13. Bf2 a5 14. a3 Ngf6 15. Nb5 Nb6 16. b4 axb4 17. axb4 Rxa1 18. Qxa1 cxb4 19. c5 Nbxd5 20. exd5 Nxd5 21. Nxd6 Nc3 22. Qe1 Be6 23. Nxb4 e4 24. Nxe4 Nxe4 25.
fxe4 Qg5 26. Bf3 Bc4 27. Nd5 Ra8 28. Qb4 Bxf1 29. Kxf1 Qe5 30. g3 fxg3 31. hxg3 h5 32. Kg2 Ra2 33. Nf4 Kh7 34. Qxb7 Qd4 35. Nh3 Qxc5 36.
Qd5 Qxd5 37. exd5 Be5 38. Kf1 Ra1+ 39. Ke2 Ra2+ 40. Kd3 Bd6 41. Ng5+ Kg7 42. Ne4 Ra3+ 43. Ke2 Be5 44. d6 Ra2+ 45. Ke1 Ra3 46. Bg2 Ra1+ 47. Kd2 Ra2+ 48. Kd3 Ra3+ 49. Kc4 Ra1 50. Kd5 Bf6 51. Ke6 Rd1 52. d7 Bd8 53. Bc5 Re1 54. Be7 Bb6 55. Bf6+ 1-0

[Event "Early-Titled-Tuesday-Blitz-October-10-2023"]
[Site "Chess.com"]
[Date "2023.10.10"]
[Round "4"]
[White "Rosh1610"]
[Black "Larina_Maria"]
[Result "1-0"]
[WhiteElo "2442"]
[BlackElo "2214"]
[TimeControl "180+1"]
[EndTime "8:39:06 PDT"]
[Termination "Rosh1610 won by checkmate"]

1. e4 c6 2. Nc3 d5 3. Nf3 Bg4 4. h3 Bxf3 5. Qxf3 e6 6. Be2 g6 7. O-O Bg7 8. d3 Ne7 9. Bg5 Nd7 10. Rad1 O-O 11. d4 f6 12. Bh4 dxe4 13. Nxe4 Nf5 14. Bg3 Nxg3 15. Qxg3 Nb6 16. Nc5 Re8 17. Nxb7 Qe7 18.
Nc5 Rad8 19. Rfe1 e5 20. Bf3 Nd5 21. Nd3 Qc7 22. dxe5 fxe5 23. c4 Nf4 24. Nb4 c5 25. Nd5 Nxd5 26. Bxd5+ Kh8 27. f3 a5 28. b3 Bh6 29. Re4 Bf4 30. Qh4 Rf8 31. Rde1 Qg7 32. Qf2 Qc7 33. Kh1 Rde8 34. Qh4 Qe7 35. Qf2 Qc7 36.
Qb2 Qg7 37. Qc3 Qc7 38. R1e2 Re7 39. Kg1 Rfe8 40. Rxf4 Qd6 41. Rfe4 Qf6 42. Kh1 h5 43. Qxa5 Kg7 44. Qc3 Kh6 45. a4 Qb6 46. a5 Qd6 47. a6 Qxa6 48. Rxe5 Qd6 49. Qe3+ Kg7 50. Rxe7+ Rxe7 51. Qxe7+ Qxe7 52. Rxe7+ Kf6 53. Rc7 Kg5 54. Rxc5 h4 55. b4 Kf4 56. b5 Kg3 57. b6 g5 58.
b7 g4 59. b8=Q+ Kf2 60. Qb2+ Kg3 61. Qe5+ Kf2 62. fxg4 Kf1 63. Qe4 Kf2 64. Rb5 Kg3 65. Rb3+ Kf2 66. Qe3+ Kf1 67. Rb1# 1-0

[Event "Early-Titled-Tuesday-Blitz-October-10-2023"]
[Site "Chess.com"]
[Date "2023.10.10"]
[Round "4"]
[White "SchachmattTV_Tobi"]
[Black "Dedic8"]
[Result "0-1"]
[WhiteElo "2596"]
[BlackElo "2841"]
[TimeControl "180+1"]
[EndTime "8:39:07 PDT"]
[Termination "Dedic8 won by resignation"]

1. d4 Nf6 2. c4 e6 3. Nc3 Bb4 4.
e3 O-O 5. Bd2 b6 6. Bd3 d5 7.
Nf3 Re8 8. Rc1 c5 9. O-O Bb7 10. a3 Bxc3 11. Bxc3 dxc4 12. Bxc4 Nbd7 13. b4 cxd4 14.
Nxd4 Ne5 15. Be2 Rc8 16. Nf3 Nxf3+ 17. Bxf3 Qxd1 18. Rfxd1 Bxf3 19. gxf3 Nd5 20. Bd4 f6 21. f4 Kf7 22. Kg2 a6 23. Kf3 f5 24. h4 b5 25. Rc5 Rxc5 26. Bxc5 Rc8 27. e4 fxe4+ 28.
Kxe4 a5 29. Ke5 Nf6 30. f5 exf5 31. Kxf5 axb4 32. axb4 Ra8 33. Rd6 Ra3 34. f4 Rc3 35. Rb6 Rd3 36. Rb7+ Rd7 37. Rxd7+ Nxd7 38. Bd4 g6+ 39.
Ke4 Ke6 40. Bc3 Nb8 41. Bd2 Nc6 42. Bc3 Ne7 43. Bd2 Nf5 44. Be1 Kd6 45. h5 Ke6 46. hxg6 hxg6 47. Bc3 Kd6 48. Be5+ Ke6 49. Bb8 Ne7 50.
Be5 Nc6 51. Bc3 Kd6 52. f5 gxf5+ 53. Kxf5 Kd5 54. Be1 Kc4 55. Ke4 Nxb4 56. Ke3 Nc2+ 57. Kd2 Nxe1 58. Kxe1 Kc3 59. Kd1 Kb2 60. Kd2 b4 61.
Kd1 b3 62. Kd2 Ka2 63. Kc1 b2+ 64. Kd2 b1=Q 65. Ke3 Kb3 0-1

[Event "Early-Titled-Tuesday-Blitz-October-10-2023"]
[Site "Chess.com"]
[Date "2023.10.10"]
[Round "4"]
[White "InitiatingASC"]
[Black "slorovel"]
[Result "1/2-1/2"]
[WhiteElo "2337"]
[BlackElo "2506"]
[TimeControl "180+1"]
[EndTime "8:39:07 PDT"]
[Termination "Game drawn by repetition"]

1. d4 Nf6 2. c4 e6 3. Nc3 d5 4.
Nf3 Bb4 5. e3 O-O 6. Bd3 b6 7.
O-O Bb7 8. cxd5 exd5 9. Ne5 Nbd7 10. f4 c5 11. Ne2 cxd4 12. exd4 Ne4 13. Ng3 f6 14. Nxd7 Qxd7 15. Qh5 Qf7 16. Qxf7+ Kxf7 17. Nxe4 dxe4 18. Bc4+ Ke7 19. f5 Rfd8 20. Be3 Rac8 21. Rac1 Bd6 22. Be6 Rxc1 23. Rxc1 g6 24. g4 g5 25. d5 h5 26. gxh5 Rh8 27. Rc4 Rxh5 28.
Rxe4 Bxh2+ 29. Kg2 Kd6 30. Bd2 a5 31. b4 Be5 32.
Re2 Bxd5+ 33. Bxd5 Kxd5 34. bxa5 bxa5 35. Bxa5 Rh2+ 36.
Kf3 Rxe2 37. Kxe2 Ke4 38. Bb6 Kxf5 39. a4 Ke6 40. a5 Kd7 41. a6 Kc6 42. a7 Kb7 43. Kf3 f5 44. Kg2 g4 45. Be3 f4 46.
Bf2 f3+ 47. Kg1 g3 48. Be3 Ka8 49.
Kf1 Kb7 50. Kg1 g2 51. Bf2 Bf4 52. Bd4 Bd6 53. Be3 Ka8 54. Bf2 Bc7 55. Be3 Bg3 56.
Bd4 Kb7 57. Be3 Be5 58. Bf2 Bc7 59. Be3 Ka8 60. Bf2 Ba5 61. Be3 Be1 62. Bd4 Kb7 63.
Be3 Bc3 64. Bf2 Be5 65. Be3 Bc7 66. Bc5 Ba5 67. Bf2 Bc3 68. Be3 Be5 1/2-1/2

[Event "Early-Titled-Tuesday-Blitz-October-10-2023"]
[Site "Chess.com"]
[Date "2023.10.10"]
[Round "4"]
[White "VOneChess"]
[Black "chenrip"]
[Result "0-1"]
[WhiteElo "2268"]
[BlackElo "2496"]
[TimeControl "180+1"]
[EndTime "8:39:09 PDT"]
[Termination "chenrip won on time"]

1. e4 e6 2. d4 d5 3. Nd2 dxe4 4. Nxe4 Nd7 5. Nf3 Ngf6 6. Nxf6+ gxf6 7. Bd3 Be7 8. Bf4 f5 9. c3 b6 10. Qe2 Bb7 11.
O-O-O Nf6 12. Rhe1 Nd5 13. Be5 Rg8 14. c4 Nb4 15. Bxf5 Qd7 16. Be4 O-O-O 17. a3 Nc6 18. d5 Nxe5 19. Nxe5 Bg5+ 20. Kb1 Qe7 21. dxe6 Rxd1+ 22. Rxd1 Qxe6 23. Bxb7+ Kxb7 24. Qe4+ Ka6 25. c5 Re8 26. Qa4+ Kb7 27. c6+ Kb8 28. Nd7+ Ka8 29. Qa6 Qxc6 30. Qd3 Qe4 31. Qxe4+ Rxe4 32. g3 Kb7 33. f4 Be7 34. Ne5 f6 35. Nf3 Re3 36. Nh4 Re2 37. Nf5 Bc5 38. h4 Rg2 39. Ka2 Kc6 40. Kb3 a5 41. Kc4 b5+ 42. Kb3 a4+ 43.
Kc3 Bb6 44. Rd3 Ba5+ 45. Kd4 Rxb2 46. Ne7+ Kd7 47. Nd5 Ke6 48. Re3+ Kf5 49. Ne7+ Kg4 50. Ke4 Bb6 51. Rd3 Re2+ 52. Kd5 Rxe7 53. Kc6 Re3 54.
Rd8 Rxg3 55. Kxb5 Rxa3 56. Rg8+ Kxf4 57. Rg7 Ra1 58. Kc6 h5 59. Rh7 Kg4 60. Kb7 Kxh4 61. Rg7 f5 62. Rg2 f4 63. Re2 f3 64. Re7 f2 65. Re6 f1=Q 66. Rc6 a3 0-1

[Event "Early-Titled-Tuesday-Blitz-October-10-2023"]
[Site "Chess.com"]
[Date "2023.10.10"]
[Round "4"]
[White "Hilary46"]
[Black "xamax2000"]
[Result "0-1"]
[WhiteElo "2669"]
[BlackElo "2868"]
[TimeControl "180+1"]
[EndTime "8:39:10 PDT"]
[Termination "xamax2000 won on time"]

1. e4 e5 2. Nf3 Nc6 3. Bb5 a6 4.
Ba4 Nf6 5. O-O Be7 6. Re1 b5 7. Bb3 d6 8. c3 O-O 9. h3 Bb7 10. d4 Re8 11. Ng5 Rf8 12. Nf3 h6 13. Nbd2 Re8 14.
Nf1 Bf8 15. Ng3 Na5 16. Bc2 c5 17. d5 c4 18. Nf5 Bc8 19. g4 Nb7 20. Be3 Nc5 21.
Bxc5 dxc5 22. a4 g6 23. Ne3 Bd7 24. axb5 axb5 25. Rxa8 Qxa8 26. Qa1 Qb7 27. Qc1 Bg7 28. Qd2 Qb8 29. Ra1 Rd8 30. Qc1 h5 31. g5 Ne8 32.
h4 Nd6 33. Ra6 Bc8 34. Ra5 Qb6 35. Qa1 Bb7 36. Kg2 Kf8 37. Ra7 Ke7 38. Qa5 Qxa5 39.
Rxa5 Kd7 40. Nd2 Kc7 41. Kg3 Kb6 42. Ra1 Re8 43. Kf3 f5 44. Ke2 f4 45. Ng2 b4 46.
Ne1 Rb8 47. Rc1 Ra8 48. Bd1 Ra2 49. cxb4 cxb4 50. Rb1 Ba6 51. Kf3 c3 52. bxc3 Rxd2 53. Rxb4+ Kc7 54. Bc2 Bf8 55. Ra4 Kb6 56. Bb3 Be2+ 57.
Kg2 Nxe4 58. Rxe4 Bd6 59. Nf3 Rb2 60. Ba4 Bd3 61. Re1 e4 62. Nd4 Bc5 63. Kg1 Kc7 64.
Bd1 Kd6 65. Bb3 Ke5 0-1

[Event "Early-Titled-Tuesday-Blitz-October-10-2023"]
[Site "Chess.com"]
[Date "2023.10.10"]
[Round "4"]
[White "kleopl"]
[Black "Zhani-Z"]
[Result "1-0"]
[WhiteElo "2459"]
[BlackElo "2197"]
[TimeControl "180+1"]
[EndTime "8:39:15 PDT"]
[Termination "kleopl won on time"]

1. c4 e5 2. Nc3 Bb4 3. Qc2 Bxc3 4. Qxc3 Nc6 5. b4 d6 6. b5 Nce7 7. Bb2 f5 8. g3 Nf6 9. Bg2 O-O 10. e3 Rb8 11. Ne2 Be6 12. a4 Qd7 13. a5 Ne4 14.
Qc2 Nf6 15. O-O Ng6 16. d4 f4 17. dxe5 dxe5 18. exf4 exf4 19. Nxf4 Nxf4 20. gxf4 Bh3 21. Rfd1 Qg4 22. f3 Qxg2+ 23. Qxg2 Bxg2 24. Kxg2 Nh5 25. Rd7 Nxf4+ 26. Kh1 Rf7 27. Rad1 Re8 28. Rxf7 Kxf7 29.
Rd7+ Re7 30. Rxe7+ Kxe7 31. Bxg7 Kd6 32. Bd4 b6 33. a6 h5 34. Be3 Ng6 35. Kg2 Ne7 36. Bf4+ Kc5 37. Bxc7 Kxc4 38. Bxb6 Kxb5 39. Bxa7 Kxa6 40.
Be3 Nf5 41. Bd2 Kb5 42. f4 Kc4 43. Kf3 Kd3 44. Bc1 Nd4+ 45. Kg2 Ke4 46. Kf2 Nf5 47.
Bd2 h4 48. Bc1 Kd3 49. Kf3 h3 50. Kg4 Ke4 51. Kxh3 Nh6 52. Kg3 Kf5 53. h3 Nf7 54. Kf3 Nh6 55. Kg3 Nf7 56. Kh4 Nd6 57. Kh5 Ne4 58.
Kh6 Ng3 59. h4 Kg4 60. Kg6 Kxh4 61. f5 1-0